 Dungeon Crawl Stone Soup version 0.18.1-5-g4a78601 (webtiles) character file.

7586 PossumBlood the Severer (level 10, -13/97 HPs)
             Began as a Minotaur Fighter on May 10, 2016.
             Was a Believer of Okawaru.
             Mangled by an orc warrior
             ... wielding a +0 halberd
              (21 damage)
             ... on level 9 of the Dungeon.
             The game lasted 00:27:02 (10249 turns).

PossumBlood the Severer (Minotaur Fighter)         Turns: 10249, Time: 00:27:03

Health: -13/97     AC:  6    Str: 27    XL:     10   Next: 97%
Magic:  9/9        EV:  9    Int: 11    God:    Okawaru [**....]
Gold:   341        SH:  0    Dex: 14    Spells: 0 memorised, 9 levels left

rFire  . . .     SeeInvis .     a - +0 war axe
rCold  + . .     Gourm    .     N - +0 leather armour of Catatonia {rCorr Int+4}
rNeg   . . .     Faith    +     c - +0 shield
rPois  +         Spirit   .     (helmet restricted)
rElec  .         Dismiss  .     (no cloak)
rCorr  +         Reflect  .     p - +0 pair of gloves
SustAt .         Harm     .     e - +0 pair of boots
MR     .....                    A - amulet of faith
Stlth  +.........               J - ring of Hyoqurus {rPois Str+4 Dex+3}
                                M - +2 ring of intelligence

@: confused, not resistant to hostile enchantments, very unstealthy
A: retaliatory headbutt, horns 2, rugged brown scales 1, cold resistance 1
a: Heroism, Renounce Religion


You were on level 9 of the Dungeon.
You worshipped Okawaru.
Okawaru was pleased with you.
You were not hungry.

You visited 1 branch of the dungeon, and saw 9 of its levels.

You collected 341 gold pieces.

Inventory:

Hand Weapons
 a - a +0 war axe (weapon)
 d - a +3 scythe
 w - a +0 war axe
 D - a +1 shortbow of flaming
 I - a +0 shortbow
 O - a +2 battleaxe
 T - the +4 shortbow of Inference {flame, -Tele Str+3 Stlth+}
   (You found it on level 8 of the Dungeon)

   It causes projectiles fired from it to burn those they strike, causing extra
   injury to most foes and up to half again as much damage against particularly
   susceptible opponents.
   It affects your strength (+3).
   It prevents most forms of teleportation.
   It makes you more stealthy.
Missiles
 n - 180 arrows
 y - 2 poisoned tomahawks (quivered)
Armour
 b - the +0 robe of the Pure Orbs {+Fly rC+ Dex-3}
   (You found it on level 8 of the Dungeon)

   It affects your dexterity (-3).
   It protects you from cold.
   It lets you fly.
 c - a +0 shield (worn)
 e - a +0 pair of boots (worn)
 o - a +0 ring mail
 p - a +0 pair of gloves (worn)
 N - the +0 leather armour of Catatonia (worn) {rCorr Int+4}
   (You found it on level 7 of the Dungeon)

   It affects your intelligence (+4).
   It protects you from acid and corrosion.
 S - the +1 ring mail of Inevitability {rElec rC- Int+10}
   (You found it on level 8 of the Dungeon)

   It affects your intelligence (+10).
   It makes you vulnerable to cold.
   It insulates you from electricity.
Magical Staves
 h - an uncursed staff of air {unknown}
Rods
 R - a +1 rod of inaccuracy (11/11)
   (You found it on level 8 of the Dungeon)
Jewellery
 i - an uncursed ring of protection from cold
 j - an uncursed amulet of guardian spirit
 k - an uncursed amulet of the gourmand
 u - an uncursed ring of wizardry
 A - an amulet of faith (around neck)
 G - an uncursed ring of teleportation
 J - the ring of Hyoqurus (right hand) {rPois Str+4 Dex+3}
   (You found it on level 7 of the Dungeon)

   [ring of strength]

   It affects your strength (+4).
   It affects your dexterity (+3).
   It protects you from poison.
 K - an uncursed amulet of harm {unknown}
 M - a +2 ring of intelligence (left hand)
Wands
 x - a wand of teleportation (6/9)
 H - a wand of polymorph (10/24)
 P - a wand of random effects (20/48)
 X - a wand of lightning (8/15)
Scrolls
 g - 3 scrolls of teleportation
 m - 2 scrolls of magic mapping
 C - a scroll of remove curse
 Q - a scroll of fear
 V - a scroll of identify
Potions
 l - a potion of heal wounds {unknown}
 r - a potion of berserk rage
 t - a potion of agility
 v - a potion of magic
 z - 2 potions of cure mutation
 B - a potion of brilliance
 U - a potion of flight {unknown}
Books
 W - a book of Callings

   Spells                             Type                      Level
   a - Summon Small Mammal            Summoning                    1
   b - Call Imp                       Summoning                    2
   c - Call Canine Familiar           Summoning                    3
   d - Summon Guardian Golem          Hexes/Summoning              3
   e - Summon Lightning Spire         Summoning/Air                4
   f - Summon Ice Beast               Ice/Summoning                4
Comestibles
 f - 3 bread rations
 q - 9 beef jerkies
 F - 2 slices of pizza
 L - 2 meat rations


   Skills:
 * Level 11.0 Fighting
 - Level 16.2 Axes
 - Level 3.6 Armour
 - Level 0.9 Dodging
 - Level 3.6 Shields


You had 9 spell levels left.
You didn't know any spells.

Dungeon Overview and Level Annotations

Branches:
Dungeon (9/15)
 Temple: D:4-7         Lair: D:8-11         Orc: D:9-12

Altars:
Ashenzari
Cheibriados
Dithmenos
Fedhas
Okawaru
Pakellas
Ru
Xom
Zin

Shops:
D:7 [


Innate Abilities, Weirdness & Mutations

You reflexively headbutt those who attack you in melee.
You have a pair of horns on your head.
You are partially covered in rugged brown scales (AC +1, +3% HP).
Your flesh is cold resistant.


Message History

The hound pauses to sniff the ground.
The hound bites you but does no damage.
You slash the hound!
You kill the hound!
Okawaru accepts your kill.
The orc warrior hits you from afar with a halberd!
* * * LOW HITPOINT WARNING * * *
The orc priest calls down the wrath of Beogh upon you.
Beogh smites you!
* * * LOW HITPOINT WARNING * * *
Drink which item? (? for menu, Esc to quit)
You feel better. The orc closely misses you.
The orc warrior hits you from afar with a halberd!
* * * LOW HITPOINT WARNING * * *
Drink which item? (? for menu, Esc to quit)
It was a potion of ambrosia.
You are confused.
You feel invigorated. The orc barely misses you.
The orc warrior hits you from afar with a halberd!!
You die...

####.# ######....#
#.........#####
#.#...........#
#.#.####.####.#
##.#...........#
##.......#.#############
.....#.#.#.......o......
.......#.####..[@ooW....
.....### # #.####o.....
.....+ .... ..... .....#
###..# ...? ......<.
.... ... .....#.# ...##
#.## ##.....# ###.# #.#
######## .# ####.######
.. ..........


You could see a phantom, an orc warrior, 2 orc priests and an orc.

Vanquished Creatures
  A flayed ghost (D:8)
  Pikel (D:9)
  A troll (D:8)
  Sigmund (D:6)
  4 yaks (D:6)
  5 wraiths (D:8)
  2 fire bats (D:8)
  A hippogriff (D:9)
  An orc warrior (D:9)
  2 slaves (D:9)
  2 ice beasts
  A wasp (D:7)
  A black bear (D:8)
  4 phantoms
  7 ogres
  5 centaurs
  6 giant frogs
  Blork the orc (D:6)
  A gnoll sergeant (D:8)
  A wyvern skeleton (D:7)
  5 scorpions
  9 wights
  6 killer bees (D:9)
  5 howler monkeys
  A centaur zombie (D:7)
  2 jellies (D:7)
  A wasp zombie (D:9)
  5 hounds
  5 orc priests
  7 orc wizards
  8 worker ants
  A hound zombie (D:9)
  3 hound skeletons
  A worker ant zombie (D:5)
  3 gnolls (D:8)
  5 adders
  5 shadow imps
  An adder skeleton (D:6)
  3 worms
  5 dart slugs
  2 giant geckos
  22 orcs
  2 ball pythons (D:1)
  8 giant cockroaches
  9 goblins
  4 hobgoblins
  6 jackals
  5 kobolds
  4 quokkas
  15 bats
  A giant gecko skeleton (D:5)
  5 giant newts
  A jackal skeleton (D:6)
  A quokka skeleton (D:5)
  A quokka zombie (D:5)
  5 rats
220 creatures vanquished.

Notes
Turn   | Place    | Note
--------------------------------------------------------------
     0 | D:1      | PossumBlood the Minotaur Fighter began the quest for the Orb.
     0 | D:1      | Reached XP level 1. HP: 19/19 MP: 0/0
    77 | D:1      | Reached skill level 3 in Axes
    88 | D:1      | Reached XP level 2. HP: 22/26 MP: 1/1
   213 | D:1      | Reached skill level 4 in Axes
   353 | D:1      | Reached XP level 3. HP: 25/31 MP: 2/2
   553 | D:2      | Found a shimmering altar of Xom.
  1282 | D:3      | Reached skill level 5 in Axes
  1282 | D:3      | Reached XP level 4. HP: 14/39 MP: 1/3
  1814 | D:4      | Found a shattered altar of Ashenzari.
  1880 | D:4      | Noticed a phantom
  1914 | D:4      | Killed a phantom
  1914 | D:4      | Reached skill level 6 in Axes
  1914 | D:4      | Reached XP level 5. HP: 30/45 MP: 4/4
  2114 | D:4      | Noticed an ogre
  2123 | D:4      | Killed an ogre
  2123 | D:4      | Reached skill level 7 in Axes
  2140 | D:4      | Reached XP level 6. HP: 48/51 MP: 5/5
  2212 | D:4      | Reached skill level 8 in Axes
  2823 | D:4      | Reached skill level 9 in Axes
  2943 | D:4      | Reached XP level 7. HP: 29/57 MP: 3/6
  3412 | D:5      | Entered Level 5 of the Dungeon
  3418 | D:5      | Reached skill level 10 in Axes
  3591 | D:5      | Reached skill level 11 in Axes
  3821 | D:5      | Gained mutation: You are weak. (Str -2) [potion of mutation]
  3821 | D:5      | Gained mutation: Your flesh is cold resistant. [potion of mutation]
  3821 | D:5      | Gained mutation: Scrolls take you a little longer to read. [potion of mutation]
  3822 | D:5      | Gained mutation: You tend to lose your temper in combat. [potion of mutation]
  3822 | D:5      | Gained mutation: You are agile. (Dex +2) [potion of mutation]
  3822 | D:5      | Gained mutation: You have sharp toenails. [potion of mutation]
  3823 | D:5      | Lost mutation: You have sharp toenails. [potion of cure mutation]
  3823 | D:5      | Lost mutation: Scrolls take you a little longer to read. [potion of cure mutation]
  3823 | D:5      | Lost mutation: You are weak. (Str -2) [potion of cure mutation]
  3823 | D:5      | Lost mutation: You are agile. (Dex +2) [potion of cure mutation]
  3823 | D:5      | Lost mutation: You tend to lose your temper in combat. [potion of cure mutation]
  3847 | D:5      | Reached XP level 8. HP: 64/64 MP: 7/7
  4215 | D:5      | Reached skill level 12 in Axes
  4233 | D:5      | HP: 1/64 [orc priest/nerve-wracking pain (5)]
  4241 | D:5      | HP: 1/96 [poisoned by an orc wizard]
  5130 | D:6      | Noticed Sigmund
  5140 | D:6      | Killed Sigmund
  5140 | D:6      | Reached skill level 13 in Axes
  5188 | D:6      | Gained mutation: You are partially covered in rugged brown scales (AC +1, +3% HP). [potion of beneficial mutation]
  5386 | D:6      | Noticed Blork the orc
  5393 | D:6      | Killed Blork the orc
  5518 | D:6      | Reached XP level 9. HP: 72/72 MP: 8/8
  5643 | D:6      | Reached skill level 14 in Axes
  6317 | D:7      | Found a sacrificial altar of Ru.
  6317 | D:7      | Found a glowing silver altar of Zin.
  6404 | D:7      | Found Kaetz's Antique Armour Shoppe.
  6471 | D:7      | Reached skill level 15 in Axes
  6497 | D:7      | Got a smoking iron ring
  6636 | D:7      | Got a faintly glowing leather armour
  6696 | D:7      | Identified the ring of Hyoqurus {rPois Str+4 Dex+3} (You found it on level 7 of the Dungeon)
  6712 | D:7      | Identified the +0 leather armour of Catatonia {rCorr Int+4} (You found it on level 7 of the Dungeon)
  7022 | D:8      | Got a ripped robe
  7033 | D:8      | Identified the +0 robe of the Pure Orbs {+Fly rC+ Dex-3} (You found it on level 8 of the Dungeon)
  7151 | D:8      | Found a snail-covered altar of Cheibriados.
  7223 | D:8      | Noticed a troll
  7237 | D:8      | Killed a troll
  7237 | D:8      | Reached skill level 16 in Axes
  7237 | D:8      | Reached XP level 10. HP: 43/79 MP: 9/9
  7798 | D:8      | Found a shattered altar of Ashenzari.
  7816 | D:8      | Found a runed door.
  7829 | D:8      | Found a shimmering altar of Xom.
  7836 | D:8      | Reached skill level 5 in Fighting
  8274 | D:8      | Found a blossoming altar of Fedhas.
  8622 | D:8      | Found an iron altar of Okawaru.
  8629 | D:8      | Became a worshipper of Warmaster Okawaru
  8695 | D:8      | Found an oddly glowing altar of Pakellas.
  8913 | D:8      | Found a shadowy altar of Dithmenos.
  9308 | D:8      | Found an iron altar of Okawaru.
  9339 | D:8      | Reached * piety under Okawaru
  9483 | D:8      | Noticed a flayed ghost
  9493 | D:8      | Killed a flayed ghost
  9498 | D:8      | Got a twisted ring mail
  9500 | D:8      | Got a shimmering shortbow
  9512 | D:8      | Identified the +1 ring mail of Inevitability {rElec rC- Int+10} (You found it on level 8 of the Dungeon)
  9527 | D:8      | Identified the +4 shortbow of Inference {flame, -Tele Str+3 Stlth+} (You found it on level 8 of the Dungeon)
  9631 | D:9      | Reached skill level 10 in Fighting
 10043 | D:9      | Reached ** piety under Okawaru
 10181 | D:9      | Noticed Pikel
 10193 | D:9      | Killed Pikel
 10248 | D:9      | HP: 3/97 [orc warrior/halberd (17)]
 10249 | D:9      | Mangled by an orc warrior

Skill      XL: |  1  2  3  4  5  6  7  8  9 10 |
---------------+-------------------------------+-----
Axes           | 3 4 5 6 7 9 11 13 16 | 16.2
Fighting       | 11 | 11.0
Armour         | |  3.6
Dodging        | |  0.9
Shields        | |  3.6

Action                   |  1- 3 |  4- 6 |  7- 9 | 10-12 || total
-------------------------+-------+-------+-------+-------++-------
Melee: War axe           |   103 |    75 |   301 |   191 ||   670
       Headbutt          |    19 |     7 |    71 |    44 ||   141
  Use: Scroll            |     2 |       |    12 |     3 ||    17
       Potion            |       |       |    10 |     2 ||    12
  Eat: Beef jerky        |     1 |       |       |       ||     1
       Meat ration       |       |     1 |       |       ||     1
       Bread ration      |       |       |     3 |     2 ||     5
       Royal jelly       |       |       |     1 |       ||     1
       Pizza             |       |       |     1 |       ||     1
Armor: Scale mail        |    24 |       |       |       ||    24
       Ring mail         |    19 |    26 |    78 |       ||   123
       Leather armour    |       |       |     9 |    34 ||    43
Dodge: Dodged            |    28 |    25 |    76 |    63 ||   192
Block: Shield            |    61 |    31 |   102 |    88 ||   282
